 Dungeon Crawl Stone Soup version 0.31-a0-963-ga325b2283a (webtiles) character file.

Game seed: 3261707399396033742

388 Strat the Trooper (level 6, -1/60 HPs)
             Began as a Hill Orc Gladiator on Oct 25, 2023.
             Slain by a bullfrog (7 damage)
             ... in a sewer.
             The game lasted 00:06:51 (2868 turns).

Strat the Trooper (Hill Orc Gladiator)              Turns: 2868, Time: 00:06:52

Health: -1/60      AC:  7    Str: 21    XL:     6   Next: 79%
Magic:  6/6        EV: 11    Int:  8    God:
Gold:   41         SH:  5    Dex:  9    Spells: 5/5 levels left

rFire   + . .        a - +0 flail
rCold   . . .        (no shield)
rNeg    . . .        u - +2 leather armour "Goyficvy" {rF+ Str+2 Dex-3}
rPois   .            c - +0 helmet
rElec   .            d - +0 cloak
rCorr   .            (no gloves)
SInv    .            (no boots)
Will    .....        k - amulet of reflection
Stlth   +            (no ring)
HPRegen 0.30/turn    (no ring)
MPRegen 0.10/turn

%: reflection
@: no status effects
A: no striking features
a: no special abilities


You were in a sewer.
You visited 1 branch of the dungeon, and saw 3 of its levels.
You also visited: Sewer.

You collected 118 gold pieces.
You spent 77 gold pieces at shops.

Inventory:

Hand Weapons
 a - a +0 flail (weapon)
Missiles
 e - a javelin
 v - 2 throwing nets
Armour
 c - a +0 helmet (worn)
 d - a +0 cloak (worn)
 i - a +0 leather armour
 u - the +2 leather armour "Goyficvy" (worn) {rF+ Str+2 Dex-3}
   (You found it on level 2 of the Dungeon)

   Str+2:     It affects your strength (+2).
   Dex-3:     It affects your dexterity (-3).
   rF+:       It protects you from fire.
Jewellery
 k - an amulet of reflection (around neck)
 y - a ring of fire
Scrolls
 h - 7 scrolls of identify {unknown}
 j - a scroll of immolation {unknown}
 l - a scroll of summoning {unknown}
 m - 3 scrolls of teleportation {unknown}
 n - 2 scrolls of revelation {unknown}
 o - 3 scrolls of enchant armour {unknown}
 p - a scroll of fog
 q - a scroll of enchant weapon {unknown}
 r - a scroll of amnesia {unknown}
 w - a scroll of noise {unknown}
Potions
 b - 2 potions of heal wounds {unknown}
 g - a potion of brilliance {unknown}
 s - a potion of degeneration {unknown}
 t - a potion of lignification {unknown}
 x - a potion of mutation {unknown}


   Skills:
 + Level 7.0 Fighting
 - Level 3.2 Maces & Flails
 - Level 1.7 Throwing
 - Level 4.0 Armour
 - Level 2.4 Dodging


You had 5 spell levels left.
You didn't know any spells.
Your spell library contained the following spells:

 Spells                   Type           Power      Damage    Failure   Level
 Apportation              Tloc           0%         N/A       45%         1
 Freeze                   Ice            0%         1d3       45%         1
 Slow                     Hex            0%         N/A       45%         1
 Summon Small Mammal      Summ           0%         N/A       45%         1
 Call Canine Familiar     Summ           0%         N/A       83%         3
 Summon Guardian Golem    Hex/Summ       0%         N/A       83%         3


Dungeon Overview and Level Annotations

Branches:
Dungeon (3/15)              Sewer (1/1)

Altars:
Nemelex Xobeh

Shops:
D:2 **==


Message History

* * * LOW HITPOINT WARNING * * *
The bullfrog barely misses you. The bullfrog hits you.
* * * LOW HITPOINT WARNING * * *
You feel better. The bullfrog closely misses you.
The bullfrog barely misses you. The bullfrog hits you.
* * * LOW HITPOINT WARNING * * *
You hit the bullfrog.
The bullfrog is heavily wounded.
The bullfrog barely misses you.
The bullfrog releases a deep croak.
The bullfrog closely misses you. The bullfrog barely misses you.
You hit the bullfrog.
The bullfrog is heavily wounded.
The bullfrog barely misses you. x2; You block the bullfrog's attack.
The bullfrog hits you but does no damage.
You hit the bullfrog.
The bullfrog is heavily wounded.
The bullfrog hits you but does no damage.
You block the bullfrog's attack.
The bullfrog hits you but does no damage.
The bullfrog hits you.
* * * LOW HITPOINT WARNING * * *
You closely miss the bullfrog.
The bullfrog is heavily wounded.
The bullfrog barely misses you. The bullfrog hits you.
* * * LOW HITPOINT WARNING * * *
The bullfrog swells and bulges.
The bullfrog hits you.
* * * LOW HITPOINT WARNING * * *
The bullfrog hits you!
* * * LOW HITPOINT WARNING * * *
You barely miss the bullfrog.
The bullfrog is heavily wounded.
You block the bullfrog's attack. The bullfrog misses you.
You block the bullfrog's attack.
The bullfrog hits you but does no damage.
You miss the bullfrog.
The bullfrog is heavily wounded.
The bullfrog closely misses you. x2; The bullfrog hits you!
You die...

#######################
#.......~~~..~.~~.....##
#.~~~~~~~~÷~~~~~~~~~~..#
#.~≈≈≈≈≈≈≈≈≈≈≈≈≈≈≈≈≈÷~.#
#~~~≈~≈≈≈≈≈~~~~~~~~≈≈~.#
#~~~~.~≈≈≈≈≈~~~F@.~~≈~.#
#~########≈≈~≈~F~~.~≈~.#
#.# ##≈≈~≈≈≈≈≈≈.~≈~.#
#~# #≈≈≈≈~≈≈≈≈≈~~≈~.#
#~# #≈~≈≈≈~≈≈≈≈~≈≈~.#
#†# #≈≈~~~≈≈~≈≈≈~≈≈~.#
#~# #≈~∩.~~≈~~≈≈~≈≈~.#
#~# #≈≈~.~..~~≈~≈~≈~.#
#.# #≈≈≈≈~.~.~~≈~≈~≈~.#


You could see 2 bullfrogs.

Vanquished Creatures
  Sigmund (D:2)
  Crazy Yiuf (D:2)
  Jessica (D:2)
  8 adders
  A river rat (D:3)
  5 worms
  4 dart slugs
  3 endoplasms
  5 giant cockroaches
  2 goblins (D:3)
  11 jackals
  4 kobolds (D:2)
  6 quokkas
  5 ball pythons
  6 bats
  13 frilled lizards
  5 rats
81 creatures vanquished.

Notes
Turn   | Place    | Note
-------+----------+-------------------------------------------
     0 | D:1      | Strat the Hill Orc Gladiator began the quest for the Orb.
     0 | D:1      | Reached XP level 1. HP: 18/18 MP: 1/1
   345 | D:1      | Reached skill level 1 in Armour
   415 | D:1      | Reached XP level 2. HP: 20/25 MP: 2/2
   446 | D:1      | Reached skill level 3 in Fighting
   460 | D:1      | Got A Beginning Course on Theurgy
   844 | D:2      | Found Wilol's General Store.
   967 | D:2      | Found Ugapnoump's General Store.
   976 | D:2      | Bought a potion of curing for 33 gold pieces
   976 | D:2      | Bought a scroll of fog for 44 gold pieces
  1000 | D:2      | Noticed Jessica
  1013 | D:2      | Killed Jessica
  1014 | D:2      | Reached XP level 3. HP: 29/33 MP: 3/3
  1228 | D:2      | Found Ugurchuxa's Jewellery Shop.
  1230 | D:2      | Reached XP level 4. HP: 38/40 MP: 4/4
  1241 | D:2      | Reached skill level 4 in Fighting
  1434 | D:2      | Identified the +2 leather armour "Goyficvy" {rF+ Str+2
                  | Dex-3}
  1476 | D:2      | Found Zeta's Jewellery Boutique.
  1482 | D:2      | Noticed Sigmund
  1619 | D:2      | Found a runed translucent door.
  1620 | D:2      | Noticed Crazy Yiuf
  1659 | D:2      | Killed Sigmund
  1660 | D:2      | Reached skill level 5 in Fighting
  1660 | D:2      | Reached XP level 5. HP: 41/50 MP: 5/5
  1660 | D:2      | Reached XP level 6. HP: 47/57 MP: 6/6
  1980 | D:2      | Killed Crazy Yiuf
  1981 | D:2      | Reached skill level 6 in Fighting
  2120 | D:3      | Found a sparkling altar of Nemelex Xobeh.
  2465 | D:3      | Found a glowing drain.
  2469 | Sewer    | Entered a sewer
  2807 | Sewer    | Reached skill level 7 in Fighting
  2868 | Sewer    | Slain by a bullfrog

Illustrated notes

Levels and vault maps discovered:
D:1:      amcnicky_arrival_choice, layout_basic
D:2:      layout_basic, serial_shops, shop, shop, shop,
          nicolae_shop_temple_entry_statues_fountains, uniq_crazy_yiuf_cottage,
          uniq_jessica, uniq_sigmund
D:3:      layout_basic, mainiacjoe_overflow_cross_hatched,
          lightli_sewer_entry_pipes
Sewer:    sewer_frog_island_01

Skill      XL: |  1  2  3  4  5  6 |
---------------+-------------------+-----
Armour         | 1 2 4 |  4.0
Fighting       | 3 5 7 |  7.0
Maces & Flails | |  3.2
Throwing       | |  1.7
Dodging        | |  2.4

Action                     |  1- 3 |  4- 6 || total
---------------------------+-------+-------++-------
  Melee: Short sword       |    23 |       ||    23
         Flail             |    55 |   217 ||   272
         Punch             |       |     3 ||     3
  Throw: Throwing net      |       |     5 ||     5
    Use: Potion            |       |     2 ||     2
   Stab: Held in net/web   |       |     1 ||     1
 Armour: Leather armour    |    43 |   159 ||   202
  Dodge: Dodged            |    58 |   161 ||   219
  Block: Other             |    23 |    52 ||    75
         Reflection        |     1 |       ||     1

Table legend: (Time is in decaauts)
 A = Elapsed time spent in this place.
 B = Non-inter-level travel time spent in this place.
 C = Inter-level travel time spent in this place.
 D = Time resting spent in this place.
 E = Time spent auto-exploring this place.
 F = Levels seen in this place.
 G = Mean time per level.
                   A        B        C        D        E       F      G
               +--------+--------+--------+--------+--------+-----+--------+
         Total |   3001 |   2890 |    111 |    137 |   1782 |   4 |  750.2 |
       Dungeon |   2542 |   2431 |    111 |     42 |   1686 |   3 |  847.3 |
         Sewer |    459 |    459 |      0 |     95 |     96 |   1 |  459.0 |
               +--------+--------+--------+--------+--------+-----+--------+

Top non-repeatable levels by time:
     D:2: 1209 daAuts
     D:1: 866 daAuts
     D:3: 465 daAuts
   Sewer: 459 daAuts
